Cogmind - Beta 16.1 @@@ ROGUE MODE // 2026.01.24 @ 21:04:45 Player: szymekc Result: Self-destructed Performance ------------- Evolutions (6) 3000 Regions Visited (7) 1400 Robots Destroyed (11) 55 Value Destroyed (351) 351 Prototype IDs (0) 0 Alien Tech Used (0) 0 Bonus (500) 500 TOTAL SCORE: 5306 Bonus ------- Entered DSFs 500 Cogmind --------- Core Integrity 409/1150 Matter 94/300 Energy 92/100 System Corruption 1% Temperature Cool (0) Movement Core (50) Location -4/Factory Parts ------- > --- POWER (2) -------- (None) > --- PROPULSION (8) --- (None) > --- UTILITY (7) ------ (None) > --- WEAPON (2) ------- (None) > --- INVENTORY (5) ---- (None) Peak State ------------ > --- POWER ------------ Micro Fission Core > --- PROPULSION ------- Nuclear Pulse Array Impulse Thruster Impulse Thruster Impulse Thruster Impulse Thruster Impulse Thruster > --- UTILITY ---------- Improved Signal Interpreter Advanced Signal Interpreter Hacking Suite > --- WEAPON ----------- Scythe > --- INVENTORY -------- (None) [Rating: 67] Favorites ----------- Power Light Nuclear Core Power Core Light Nuclear Core Propulsion Improved Gravmag System Hover Unit Improved Gravmag System Flight Unit Surge Thruster Utility Improved Signal Interpreter Device Improved Sensor Array Processor Improved Signal Interpreter Hackware Hacking Suite Weapon Grenade Launcher Launcher Grenade Launcher Slashing Weapon Chainsword Build | -11 -10 -10 -8 -6 -6 -5 -4 ------- Run | Yrd Mat Sub Scr Fac DSF Fac Fac Slots Evolved 12 | . . . . 8 . 2 2 Power 1 | . . . . . . 1 . Propulsion 6 | . . . . 4 . 1 1 Utility 5 | . . . . 4 . . 1 Weapon . | . . . . . . . . Parts Attached 28 | . 1 1 . . 8 7 11 Power 3 | . . . . . 1 1 1 Engine . | . . . . . . . . Core 3 | . . . . . 1 1 1 Reactor . | . . . . . . . . Propulsion 17 | . . . . . 7 1 9 Treads . | . . . . . . . . Leg . | . . . . . . . . Wheel . | . . . . . . . . Hover 5 | . . . . . 5 . . Flight 12 | . . . . . 2 1 9 Utility 4 | . . . . . . 4 . Device 1 | . . . . . . 1 . Storage . | . . . . . . . . Processor 2 | . . . . . . 2 . Hackware 1 | . . . . . . 1 . Protection . | . . . . . . . . Artifact . | . . . . . . . . Weapon 4 | . 1 1 . . . 1 1 Energy Gun . | . . . . . . . . Energy Cannon . | . . . . . . . . Ballistic Gun . | . . . . . . . . Ballistic Cannon . | . . . . . . . . Launcher 2 | . 1 1 . . . . . Special Weapon . | . . . . . . . . Impact Weapon . | . . . . . . . . Slashing Weapon 2 | . . . . . . 1 1 Piercing Weapon . | . . . . . . . . Special Melee Weapon . | . . . . . . . . Unidentified Prototypes . | . . . . . . . . Parts Lost 20 | . . 1 . . 1 3 15 Power 3 | . . . . . . 2 1 Propulsion 11 | . . . . . . 1 10 Utility 2 | . . . . . . . 2 Weapon 4 | . . 1 . . 1 . 2 Highest Loss Streak 9 | . . 1 . . 1 3 9 To Critical Strikes . | . . . . . . . . Average Backups . | . . . . . . 2 . Power . | . . . . . . . . Propulsion . | . . . . . . 1 . Utility . | . . . . . . . . Weapon . | . . . . . . 1 . Tool/Special . | . . . . . . . . Unused Backups 1 | . . . . . 1 . . Power . | . . . . . . . . Propulsion . | . . . . . . . . Utility . | . . . . . . . . Weapon 1 | . . . . . 1 . . Tool/Special . | . . . . . . . . Average Slot Usage (%) 28 | . 1 14 14 6 32 58 33 Core 2 | . . . . . 2 9 1 Hover 6 | . . . . . 23 17 1 Flight 7 | . . . . . 4 16 15 Processor 3 | . . . . . . 4 9 Launcher 3 | . 1 14 14 6 1 . . Slashing Weapon 1 | . . . . . . 4 1 Peak Build Rating 67 | . 1 1 1 1 31 58 67 Average Rating 23 | . . 1 1 1 26 47 39 On Entrance 10 | . . 1 1 1 1 31 49 Avg Prop Armor Cover (%) 12 | . . . . . 26 10 8 Naked Turns 93 | . 89 . . . . . 4 Heaviest Build 14 | . 3 3 3 3 5 14 9 Greatest Support 48 | 3 3 3 3 3 40 20 48 Greatest Overweight (x) . | . . . . . . . . Average Overweight (x) . | . . . . . . . . Largest Inventory Capacity 5 | 5 5 5 5 5 5 5 5 Average Capacity 5 | 5 5 5 5 5 5 5 5 Most Carried 5 | . 2 1 . . 5 5 5 Average Carried 1 | . . . . . 1 3 . Final Capacity 5 | 5 5 5 5 5 5 5 5 Final Carried 5 | . 1 . . . 5 3 . Class Distribution -------------------- 64% | Mutant 19% | Scavenger-Sprinter 16% | Sprinter Dominant Class ---------------- Mutant | -10/Materials Mutant | -10/Subcaves Mutant | -8/Scraptown Mutant | -6/Factory Mutant | -6/DSF Scavenger-Sprinter | -5/Factory Mutant | -4/Factory Resources | -11 -10 -10 -8 -6 -6 -5 -4 ----------- Run | Yrd Mat Sub Scr Fac DSF Fac Fac Matter Collected 354 | 136 . 92 . . 96 . 30 Remotely . | . . . . . . . . Salvage Created 177 | . 10 128 . . . . 39 Parts 15 | . 8 3 . . . . 4 Haulers Intercepted . | . . . . . . . . Recyclers Shooed . | . . . . . . . . Parts Field Recycled . | . . . . . . . . Retrieved Matter . | . . . . . . . . Parts Self-Destructed 10 | . . 10 . . . . . Prevented . | . . . . . . . . Parts Restored . | . . . . . . . . Kills | -11 -10 -10 -8 -6 -6 -5 -4 ------- Run | Yrd Mat Sub Scr Fac DSF Fac Fac Combat Hostiles Destroyed 9 | . . 5 . . . . 4 AOE 9 | . . 5 . . . . 4 Classes Destroyed 5 | . 2 2 . . . . 1 Builder 1 | . 1 . . . . . . Tunneler 1 | . 1 . . . . . . Swarmer 4 | . . . . . . . 4 Grunt 2 | . . 2 . . . . . Subdweller 3 | . . 3 . . . . . Best Kill Streak 4 | . 2 3 . . . . 4 Combat Bots Only 4 | . . 3 . . . . 4 Max Kills in Single Turn 4 | . 2 1 . . . . 4 Gunslinging . | . . . . . . . . Exploded 4 | . . 1 . . . . 4 Melee . | . . . . . . . . Uniques/NPCs Destroyed . | . . . . . . . . Combat | -11 -10 -10 -8 -6 -6 -5 -4 -------- Run | Yrd Mat Sub Scr Fac DSF Fac Fac Hostile Shots Fired 207 | . 5 12 . . . 67 123 Missed 102 | . 3 2 . . . 39 58 Hits 105 | . 2 10 . . . 28 65 Melee 6 | . . . . . . 1 5 Projectile 99 | . 2 10 . . . 27 60 AOE 3 | . . . . . 2 . 1 Critical Strikes 5 | . . 2 . . . . 3 Damage Taken 2332 | . 21 285 . . 49 462 1515 Core 1011 | . 10 180 . . 9 71 741 Absorbed by Shields . | . . . . . . . . Core Remaining (%) 78 | 100 . . 24 . 98 92 . Volleys Fired 18 | . 6 12 . . . . . Largest 1 | . 1 1 . . . . . Hottest 30 | . 30 30 . . . . . Shots Fired 18 | . 6 12 . . . . . Gun . | . . . . . . . . Cannon . | . . . . . . . . Launcher 18 | . 6 12 . . . . . Special . | . . . . . . . . Kinetic . | . . . . . . . . Thermal . | . . . . . . . . Explosive 18 | . 6 12 . . . . . Electromagnetic . | . . . . . . . . Robot Hit Streak 8 | . . 8 . . . . . Robot Miss Streak . | . . . . . . . . Penetration Max . | . . . . . . . . Secondary Targets . | . . . . . . . . Shots Hit Robots 8 | . . 8 . . . . . Core Hits 12 | . 2 7 . . . . 3 Critical Kills . | . . . . . . . . Critical Parts Destroyed . | . . . . . . . . Critical Strikes . | . . . . . . . . Melee Attacks 5 | . . . . . . 3 2 Impact . | . . . . . . . . Slashing 5 | . . . . . . 3 2 Piercing . | . . . . . . . . Sneak Attacks . | . . . . . . . . Combat Hostiles . | . . . . . . . . Follow-up Attacks . | . . . . . . . . Damage Inflicted 1198 | . 109 699 . . . . 390 Guns . | . . . . . . . . Cannons . | . . . . . . . . Explosions 1198 | . 109 699 . . . . 390 Melee . | . . . . . . . . Ramming . | . . . . . . . . Kinetic . | . . . . . . . . Thermal 390 | . . . . . . . 390 Explosive 808 | . 109 699 . . . . . Electromagnetic . | . . . . . . . . Impact . | . . . . . . . . Slashing . | . . . . . . . . Piercing . | . . . . . . . . Highest Corruption 1 | . . . . . . 1 1 Average Corruption 1 | . . . . . . 1 1 Corruption Purged . | . . . . . . . . Corruption Blocked . | . . . . . . . . Overload Shots . | . . . . . . . . Overflow Damage 164 | . . . . . . . 164 Projectiles . | . . . . . . . . Explosions 164 | . . . . . . . 164 Melee . | . . . . . . . . Knockbacks . | . . . . . . . . Impact . | . . . . . . . . Kinetic . | . . . . . . . . Secondary . | . . . . . . . . Self-Inflicted Damage 220 | . . 38 . . . . 182 Shots 3 | . . 1 . . . . 2 Rammed . | . . . . . . . . Targets Rammed . | . . . . . . . . Kicked . | . . . . . . . . Crushed . | . . . . . . . . Highest Temperature 488 | . 5 488 . . . 7 13 Average Temperature 99 | . 5 260 . . . 6 5 Received Heat Transfer 794 | . 12 644 . . . 27 111 Siege Activations . | . . . . . . . . Martial Activations . | . . . . . . . . Shielding Activations . | . . . . . . . . Robots Disrupted . | . . . . . . . . Combat Hostiles . | . . . . . . . . Robots Corrupted . | . . . . . . . . Combat Hostiles . | . . . . . . . . Parts Fried . | . . . . . . . . Impact Corruptions . | . . . . . . . . Robots Melted . | . . . . . . . . Combat Hostiles . | . . . . . . . . Parts Melted . | . . . . . . . . Heat Transferred 250 | . . . . . . . 250 Parts Sabotaged . | . . . . . . . . Parts Stolen . | . . . . . . . . Parts Stripped . | . . . . . . . . Power Chain Reactions . | . . . . . . . . Alert | -11 -10 -10 -8 -6 -6 -5 -4 ------- Run | Yrd Mat Sub Scr Fac DSF Fac Fac Maximum Alert Level 2 | . . . . . . 1 2 Low Security (%) 82 | 100 100 . . 100 100 91 50 Level 1 3 | . . . . . . 8 4 Level 2 14 | . . . . . . . 45 Level 3 . | . . . . . . . . Level 4 . | . . . . . . . . Level 5 . | . . . . . . . . High Security . | . . . . . . . . Max Security . | . . . . . . . . Peak Influence 526 | . 11 . . 12 8 262 526 Initial 128 | . . . . . 8 . 128 Average 100 | . 1 . . 3 1 53 272 Influence Increases 1050 | . 23 50 . 17 . 332 628 Destroy 0b10 Robot/C 120 | . . 40 . . . . 80 Destroy 0b10 Robot/NC 10 | . 10 . . . . . . Destroy Leader 20 | . . 10 . . . . 10 Successful Hack 55 | . 10 . . 17 . 28 . Disable Machine 45 | . . . . . . 15 30 Destroy Structure 65 | . 3 . . . . 4 58 Partial Spotted 15 | . . . . . . . 15 Lose Combat Pursuer 720 | . . . . . . 285 435 Influence Decreases 524 | . 20 23 30 5 12 70 364 Entered New Map 171 | . . 3 30 . 4 . 134 Time Decay 165 | . 20 20 . 5 . 40 80 Lost Part 188 | . . . . . 8 30 150 Squads Dispatched 7 | . 1 . . . 2 1 3 Investigation 1 | . . . . . . 1 . Extermination 1 | . . . . . . . 1 Reinforcement 5 | . 1 . . . 2 . 2 Assault . | . . . . . . . . Garrison . | . . . . . . . . Intercept . | . . . . . . . . Searches Triggered . | . . . . . . . . Construction Impeded . | . . . . . . . . Haulers Reinforced . | . . . . . . . . Active Scanning Responses . | . . . . . . . . Cargo Convoy Interrupts . | . . . . . . . . Stealth | -11 -10 -10 -8 -6 -6 -5 -4 --------- Run | Yrd Mat Sub Scr Fac DSF Fac Fac Distress Signals 1 | . 1 . . . . . . Communications Jammed . | . . . . . . . . Distress Signals . | . . . . . . . . Times Spotted 83 | . 4 5 . . 1 28 45 Peak Tracking Total 15 | . 4 2 . . . 15 12 Tactical Retreats 10 | . . . . . . 4 6 Traps | -11 -10 -10 -8 -6 -6 -5 -4 ------- Run | Yrd Mat Sub Scr Fac DSF Fac Fac Traps Triggered 2 | . . . . . 1 1 . Indirectly . | . . . . . . . . Trap Hack Attempts . | . . . . . . . . Triggered . | . . . . . . . . Disarmed . | . . . . . . . . Reprogrammed . | . . . . . . . . Reused . | . . . . . . . . Traps Extracted . | . . . . . . . . Installed . | . . . . . . . . Triggered . | . . . . . . . . Machines | -11 -10 -10 -8 -6 -6 -5 -4 ---------- Run | Yrd Mat Sub Scr Fac DSF Fac Fac Machines Disabled 3 | . . . . . . 1 2 Max in Single Turn 2 | . . . . . . 1 2 Machines Repaired . | . . . . . . . . Machines Dismantled . | . . . . . . . . Machines Sabotaged . | . . . . . . . . Overloaded Fab Kills . | . . . . . . . . Hacking | -11 -10 -10 -8 -6 -6 -5 -4 --------- Run | Yrd Mat Sub Scr Fac DSF Fac Fac Machines Accessed 8 | . 1 . . 3 . 4 . Terminals 8 | . 1 . . 3 . 4 . Fabricators . | . . . . . . . . Repair Stations . | . . . . . . . . Recycling Units . | . . . . . . . . Scanalyzers . | . . . . . . . . Garrison Access . | . . . . . . . . Total Hacks 21 | . 4 . . 5 . 12 . Successful 10 | . 2 . . 3 . 5 . Failed 11 | . 2 . . 2 . 7 . Catastrophic . | . . . . . . . . Database Lockouts . | . . . . . . . . Manual 8 | . 3 . . 3 . 2 . Terminals 21 | . 4 . . 5 . 12 . Fabricators . | . . . . . . . . Repair Stations . | . . . . . . . . Recycling Units . | . . . . . . . . Scanalyzers . | . . . . . . . . Garrison Access . | . . . . . . . . Terminal Hacks 9 | . 2 . . 2 . 5 . Open DSF 2 | . . . . 1 . 1 . Emergency Access Points 1 | . . . . . . 1 . Terminal Index 1 | . . . . . . 1 . Locate Traps 1 | . 1 . . . . . . Zone Layout 4 | . 1 . . 1 . 2 . Fabricator Hacks . | . . . . . . . . Repair Station Hacks . | . . . . . . . . Recycling Unit Hacks . | . . . . . . . . Scanalyzer . | . . . . . . . . Garrison Access Hacks . | . . . . . . . . Unauthorized Hacks 1 | . . . . 1 . . . Terminals 1 | . . . . 1 . . . Botnet 1 | . . . . 1 . . . Fabricators . | . . . . . . . . Repair Stations . | . . . . . . . . Recycling Units . | . . . . . . . . Scanalyzers . | . . . . . . . . Garrison Access . | . . . . . . . . Data Cores Recovered . | . . . . . . . . Used . | . . . . . . . . Hacking Detections 7 | . 1 . . 2 . 4 . Full Trace Events 1 | . . . . . . 1 . Feedback Events . | . . . . . . . . Feedback Blocked . | . . . . . . . . Robot Schematics Acquired . | . . . . . . . . Robots Built . | . . . . . . . . Authchips . | . . . . . . . . Time . | . . . . . . . . Total Robot Build Rating . | . . . . . . . . Part Schematics Acquired . | . . . . . . . . Parts Built . | . . . . . . . . Authchips . | . . . . . . . . Time . | . . . . . . . . Total Part Build Rating . | . . . . . . . . Part Studies Acquired . | . . . . . . . . Parts Repaired . | . . . . . . . . Time . | . . . . . . . . Parts Recycled . | . . . . . . . . Recycled Matter . | . . . . . . . . Retrieved Matter . | . . . . . . . . Retrieved Components . | . . . . . . . . Parts Scanalyzed . | . . . . . . . . Part Schematics Acquired . | . . . . . . . . Parts Damaged . | . . . . . . . . Bothacking | -11 -10 -10 -8 -6 -6 -5 -4 ------------ Run | Yrd Mat Sub Scr Fac DSF Fac Fac Used RIF Installer . | . . . . . . . . Robots Hacked . | . . . . . . . . Non-combat . | . . . . . . . . Combat . | . . . . . . . . Robot Hacks Applied . | . . . . . . . . Relay Couplers Released . | . . . . . . . . Fabnet Peak Effective % . | . . . . . . . . Robots Rewired . | . . . . . . . . Allies Hacked . | . . . . . . . . Hacks Repelled . | . . . . . . . . Allies | -11 -10 -10 -8 -6 -6 -5 -4 -------- Run | Yrd Mat Sub Scr Fac DSF Fac Fac Total Allies . | . . . . . . . . Largest Group . | . . . . . . . . Highest-Rated Group . | . . . . . . . . Highest-Rated Ally . | . . . . . . . . Total Orders . | . . . . . . . . Ally Attacks . | . . . . . . . . Total Damage . | . . . . . . . . Kills . | . . . . . . . . Allies Corrupted . | . . . . . . . . Allies Melted . | . . . . . . . . Intel | -11 -10 -10 -8 -6 -6 -5 -4 ------- Run | Yrd Mat Sub Scr Fac DSF Fac Fac Active Infowar (turns) 99 | . . . . . . 80 19 Sensors 99 | . . . . . . 80 19 Robot Analysis Total . | . . . . . . . . Derelict Logs Recovered . | . . . . . . . . Drone Launches . | . . . . . . . . Drone Recoveries . | . . . . . . . . Exploration | -11 -10 -10 -8 -6 -6 -5 -4 ------------- Run | Yrd Mat Sub Scr Fac DSF Fac Fac Turns Passed 732 | 10 105 120 42 35 68 178 174 Spaces Moved 1593 | 20 180 167 84 69 112 530 431 Core 611 | 20 180 167 84 69 58 . 33 Treads . | . . . . . . . . Legs . | . . . . . . . . Wheels . | . . . . . . . . Hover 4 | . . . . . 4 . . Flight 978 | . . . . . 50 530 398 Fastest Speed 25 | 50 50 50 50 50 32 27 25 Average Speed 38 | 50 50 50 50 50 42 30 33 Slowest Speed 60 | 50 50 50 50 50 60 34 50 Overloaded Moves 16 | . . . . . . 16 . Propulsion Burnouts . | . . . . . . . . Robots Hopped 11 | . . . . . . 4 7 Potential Cave-ins . | . . . . . . . . Cave-ins Triggered . | . . . . . . . . Exploration Rate (%) 24 | 3 33 15 15 5 83 19 21 Regions Visited 7 Branch Regions 2 Pre-discovered Areas . | . . . . . . . . Known Exits Taken 2 | . . . . 1 . 1 . Unknown Exits Taken 4 | 1 1 1 1 . . . . Scrap Searched . | . . . . . . . . Spaces Dug 12 | . 5 4 . . . 2 1 Terrain Destroyed 89 | . 12 36 . . . 2 39 Melee 3 | . . . . . . 2 1 Projectile . | . . . . . . . . AOE 86 | . 12 36 . . . . 38 Terrain Rammed . | . . . . . . . . Walls Destroyed . | . . . . . . . . Machines Disabled . | . . . . . . . . Actions | -11 -10 -10 -8 -6 -6 -5 -4 --------- Run | Yrd Mat Sub Scr Fac DSF Fac Fac Total 1661 | 19 188 190 83 68 130 536 447 Wait 13 | . . 11 . . . . 2 Move 1565 | 19 179 166 83 68 111 522 417 Hop 10 | . . . . . . 3 7 Pick Up 10 | . 2 . . . 6 . 2 Fast Attach 19 | . . . . . 6 5 8 Attach 9 | . 1 1 . . 2 2 3 Detach 3 | . . . . . 1 . 2 Swap . | . . . . . . . . Drop 6 | . . . . . 1 1 4 Fire 18 | . 6 12 . . . . . Melee 5 | . . . . . . 3 2 Ram . | . . . . . . . . Kick . | . . . . . . . . Crush . | . . . . . . . . Escape Stasis 3 | . . . . . 3 . . Rewire . | . . . . . . . . Trap . | . . . . . . . . Miscellaneous . | . . . . . . . . Route ------- -11/Scrapyard -10/Materials (discovered 2 exits: [*Mat] / [*Sub]) -10/Subcaves -8/Scraptown -6/Factory -6/DSF -5/Factory -4/Factory History --------- Turn | Location | Event 4 | -11/Scrapyard | Discovered new exit (range 16) 11 | -11/Scrapyard | Entered Materials 23 | -10/Materials | Discovered new exit (range 19) 110 | -10/Materials | Discovered new exit (range 9) 116 | -10/Materials | Entered Subcaves 117 | -10/Subcaves | Approached by a straggling Scientist 177 | -10/Subcaves | Core integrity fell below 50% 236 | -10/Subcaves | Entered Scraptown 276 | -8/Scraptown | Discovered new exit (range 3) 278 | -8/Scraptown | Entered Factory 278 | -6/Factory | Evolved 8 slots: Propulsion x4, Utility x4 313 | -6/Factory | Identified exit to DSF 313 | -6/Factory | Entered DSF 314 | -6/DSF | Joined Warlord attack on 0b10 via DSF 334 | -6/DSF | Additional patrols routed to DSF 346 | -6/DSF | Build established: Mutant 371 | -6/DSF | Discovered new exit (range 14) 381 | -6/DSF | Entered Factory 381 | -5/Factory | Evolved 2 slots: Power x1, Propulsion x1 436 | -5/Factory | 10 allies followed out of DSF 558 | -5/Factory | Discovered new exit (range 5) 559 | -5/Factory | Identified exit to Factory 559 | -5/Factory | Entered another Factory area 559 | -4/Factory | Evolved 2 slots: Propulsion x1, Utility x1 613 | -4/Factory | Lost 7 parts (2p3n1u1w) 684 | -4/Factory | Lost 9 parts (1p6n1u1w) 709 | -4/Factory | Spotted B-86 Titan 722 | -4/Factory | Core integrity fell below 50% 733 | -4/Factory | Self-destructed Last Messages --------------- F004. 00698_ ALERT: Suspicious intruders detected, dispatching Cutter reinforcements to area. 00699_ Acquired Impulse Thruster. 00707_ Knocked back. 00707_ U-05 Engineer destroyed. 00709_ K-01 Serf collects debris. 00710_ Penetrated by Slug. 00711_ Impulse Thruster severed. 00713_ Matter Pump disabled. 00713_ Knocked back. 00713_ Recycling Unit disabled. 00716_ K-01 Serf collects debris. 00717_ B-86 Titan activates siege mode. 00717_ Nuclear Pulse Thruster destroyed. 00718_ Nuclear Pulse Array destroyed. 00721_ ALERT: Potential suspicious activity detected, Programmers report to Factory Zone 5B. 00722_ Adv. Signal Interpreter severed. 00729_ Imp. Signal Interpreter severed. Map ----- +----------------------------------------------------+ | ?????????????????????????????????????????????????? | | ?????????????????????????????????????????????????? | | ?????????????????????????????????????????????????? | | ?????????????????????????????????????????????????? | | ?????????????????????????????????????????????????? | | ?????????????????????????????????????????????????? | | ?????????????????????????????????????????????????? | | ?????????????????????????????????????????????????? | | ?????????????????????????????????????????????????? | | ?????????????????????????????????????????????????? | | ?????????????????????????????????????????????????? | | ?????????????????????????????????????????????????? | | ??????????????????????????????+??????????????????? | | ?????????????????????????????? #?????????????????? | | ????????????????????""???????# #?????????????????? | | ????????????????????? ??????# ##????????????????? | | ?????????????????????? ??????# ?????????????????? | | ?????????????????????? ?????# #????????????????? | | ??????????????????????? ###### #????????????????? | | ????????????????????????/s #???? ???????????? | | ????????????????????????#s #???# ???????????? | | ???????????#######+###### ##### ???????????? | | ??????????? s # ??????????? | | ?????????? p s # ??????????? | | ?????????? p A + !???????????? | | ?????????? @ c # ??????????? | | ?????????? c # ??????????? | | ?????????????########## """ # ??????????? | | ??????????????????????# """ ###+########### | | ??????????????????????# """ | | ??????????????????????+ """ | | ??????????????????????# !! | | ??????????????????????# !! | | ??????????????????????# !! | | ??????????????????????## ######+#############+#### | | ???????????????????????#A?????????????????? ?? | | ???????????????????????# ????????????????# = | | ???????????????????????# ????????????????# ! | | ???????????????????????# ????????????????# | | ???????????????????????# ????????????????# | | ???????????????????????? ????????????????# | | ?????????????????????????????????????????# | | ?????????????????????????????????????????# | | ?????????????????????????????????????????######### | | ?????????????????????????????????????????????????? | | ?????????????????????????????????????????????????? | | ?????????????????????????????????????????????????? | | ?????????????????????????????????????????????????? | | ?????????????????????????????????????????????????? | | ?????????????????????????????????????????????????? | +----------------------------------------------------+ Best States ------------- Heat Dissipation 43 Energy Generation 23 Energy Capacity 220 Matter Stores 236 Matter Capacity 300 Sight Range 16 Robot Scan Range 15 Terrain Scan Density 10 Evasion (%) 65 Offensive Hacking 10 Item Schematics ----------------- None Robot Schematics ------------------ None Fabricated ------------ Nothing Repaired ---------- Nothing Studied --------- None Alien Tech Used ----------------- None Achievements -------------- None Challenges ------------ None Game ------ Seed BiomechanicalShadingAutobeam Manual? 0 Play Time 00:14:12 Cumulative 1110.0 hours Start 2026.01.24 @ 20:53:16 End 2026.01.24 @ 21:04:45 Sessions 1 Manual Loads 0 Difficulty Rogue Special Mode None Game No. 348 Rogue 346 Adventurer 2 Explorer 0 Win Type - Total 83 Types 23/19/19/1/1/1/14/2/1/2 Lore% 97 Gallery% 95 Achievement% 86 Wizard Run 0 Options --------- Layout 0 ASCII 0 Keyboard 1 Movement Numpad Keybinds 0 Fullscreen 1 Font 24/Smallcaps Map View 76x50 Zoom Use 0% Tactical HUD 1 Map Filters NONE Filters NONE Steam 1 RUN: 2de3e250-1774-449b-b338-deb29bd89228